TOP OF THE 1ST |
Lake Elsinore Storm batting - Pitching for Modesto A's : RHP Vicente Rivera
|
Pitching: RHP Vicente Rivera
|
|
Batting: SHB Anderson Hernandez
|
0-0: Called Strike 0-1: Ball 1-1: Bunted foul 1-2: Ball 2-2: Ground out 6-3 (Groundball, 6, EV 85.6 MPH)
|
Batting: RHB Marcus Sanders
|
0-0: Called Strike 0-1: Foul Ball, location: 2F 0-2: Ball 1-2: Ball 2-2: SINGLE (Line Drive, 4D, EV 95.0 MPH)
|
Batting: SHB Chris Malec
|
0-0: Called Strike 0-1: Fielders Choice at 2nd, 6-4 (Groundball, 56D, EV 96.9 MPH)
|
Batting: LHB Sean Shoffit
|
0-0: Ball 1-0: Ball 2-0: Foul Ball, location: 2F 2-1: Swinging Strike 2-2: Strikes out swinging
|
Top of the 1st over - 0 runs, 1 hit, 0 errors, 1 left on base; Lake Elsinore 0 - Modesto 0 |
BOTTOM OF THE 1ST |
Modesto A's batting - Pitching for Lake Elsinore Storm : RHP Kevin Hull
|
Pitching: RHP Kevin Hull
|
|
Batting: LHB Bobb Evans
|
0-0: Ground out 6-3 (Groundball, 6, EV 91.9 MPH)
|
Batting: SHB Daylon Monette
|
0-0: Ball 1-0: Fly out, F8 (Flyball, 8LM, EV 75.0 MPH)
|
Batting: LHB Bryan LaHair
|
0-0: Swinging Strike 0-1: Swinging Strike 0-2: Strikes out swinging
|
Bottom of the 1st over - 0 runs, 0 hits, 0 errors, 0 left on base; Lake Elsinore 0 - Modesto 0 |
TOP OF THE 2ND |
Lake Elsinore Storm batting - Pitching for Modesto A's : RHP Vicente Rivera
|
Batting: RHB Landon Wareham
|
0-0: Ball 1-0: Called Strike 1-1: Ball 2-1: Ball 3-1: Foul Ball, location: 2F 3-2: Foul Ball, location: 2F 3-2: Base on Balls
|
Batting: SHB Jack Aquino
|
0-0: Ball 1-0: Bunt missed! 1-1: Bunted foul 1-2: Ball 2-2: Strikes out swinging
|
Batting: RHB Hisazumi Ide
|
0-0: Ball 1-0: Ball 2-0: Called Strike Landon Wareham is caught stealing 2nd base 2-4 2-1: SINGLE (Groundball, 34D, EV 107.5 MPH)
|
Batting: LHB K.C. Herren
|
0-0: Ball 1-0: Swinging Strike 1-1: Ball 2-1: Foul Ball, location: 2F 2-2: Fly out, F2 (Popup, 2L, EV 98.1 MPH)
|
Top of the 2nd over - 0 runs, 1 hit, 0 errors, 1 left on base; Lake Elsinore 0 - Modesto 0 |
BOTTOM OF THE 2ND |
Modesto A's batting - Pitching for Lake Elsinore Storm : RHP Kevin Hull
|
Batting: RHB Brock Peterson
|
0-0: Ball 1-0: Called Strike 1-1: DOUBLE (Line Drive, 7LM, EV 106.3 MPH)
|
Batting: RHB Sonel Sena
|
0-0: Ball 1-0: Ball 2-0: Ball 3-0: Base on Balls
|
Batting: RHB Andy Gonzalez
|
0-0: Called Strike 0-1: Ball 1-1: Foul Ball, location: 9LMF 1-2: Foul Ball, location: 2F 1-2: Ball 2-2: Foul Ball, location: 2F 2-2: Grounds into double play, 3-6-1 (Groundball, 34, EV 81.9 MPH) Brock Peterson to third
|
Batting: RHB Jim Unknown
|
0-0: Fly out, F8 (Flyball, 8RM, EV 81.9 MPH)
|
Bottom of the 2nd over - 0 runs, 1 hit, 0 errors, 1 left on base; Lake Elsinore 0 - Modesto 0 |
TOP OF THE 3RD |
Lake Elsinore Storm batting - Pitching for Modesto A's : RHP Vicente Rivera
|
Batting: SHB Jesse Collins
|
0-0: Ball 1-0: Called Strike 1-1: Foul Ball, location: 2F 1-2: Foul Ball, location: 25F 1-2: SINGLE (Groundball, 4MD, EV 96.3 MPH)
|
Batting: SHB Anderson Hernandez
|
0-0: Foul Ball, location: 5SF 0-1: Sac Bunt to P - play at first, batter OUT! 1-3 Jesse Collins to second
|
Batting: RHB Marcus Sanders
|
0-0: Foul Ball, location: 2RF 0-1: Called Strike 0-2: Ball 1-2: Ball 2-2: Strikes out swinging
|
Batting: SHB Chris Malec
|
0-0: Ball 1-0: Ball 2-0: DOUBLE (Flyball, 8RXD, EV 102.5 MPH) Jesse Collins scores
|
Batting: LHB Sean Shoffit
|
0-0: Called Strike 0-1: Ball 1-1: Swinging Strike 1-2: Ball 2-2: Foul Ball, location: 2F 2-2: Strikes out swinging
|
Top of the 3rd over - 1 run, 2 hits, 0 errors, 1 left on base; Lake Elsinore 1 - Modesto 0 |
BOTTOM OF THE 3RD |
Modesto A's batting - Pitching for Lake Elsinore Storm : RHP Kevin Hull
|
Batting: RHB Jim Unknown
|
0-0: Called Strike 0-1: Ball 1-1: DOUBLE (Line Drive, 3D, EV 97.5 MPH)
|
Batting: RHB Jim Unknown
|
0-0: Called Strike 0-1: Fly out, F8 (Line Drive, 8RS, EV 93.1 MPH)
|
Batting: LHB Bobb Evans
|
0-0: Ball 1-0: Foul Ball, location: 2F 1-1: Foul Ball, location: 2F 1-2: Ball 2-2: Foul Ball, location: 7LMF 2-2: Strikes out swinging
|
Batting: SHB Daylon Monette
|
0-0: Ball 1-0: Ground out 4-3 (Groundball, 4, EV 88.1 MPH)
|
Bottom of the 3rd over - 0 runs, 1 hit, 0 errors, 1 left on base; Lake Elsinore 1 - Modesto 0 |
TOP OF THE 4TH |
Lake Elsinore Storm batting - Pitching for Modesto A's : RHP Vicente Rivera
|
Batting: RHB Landon Wareham
|
0-0: Foul Ball, location: 2F 0-1: Swinging Strike 0-2: Ball 1-2: Ball 2-2: Ground out 6-3 (Groundball, 6, EV 81.3 MPH)
|
Batting: SHB Jack Aquino
|
0-0: Swinging Strike 0-1: Ball 1-1: Fly out, F6 (Popup, 56, EV 76.3 MPH)
|
Batting: RHB Hisazumi Ide
|
0-0: Called Strike 0-1: Ball 1-1: Foul Ball, location: 2F 1-2: Ball 2-2: Ball 3-2: SINGLE (Line Drive, 78S, EV 101.3 MPH)
|
Batting: LHB K.C. Herren
|
0-0: Ball 1-0: Swinging Strike 1-1: Foul Ball, location: 2F 1-2: Ground out 4-3 (Groundball, 4, EV 88.1 MPH)
|
Top of the 4th over - 0 runs, 1 hit, 0 errors, 1 left on base; Lake Elsinore 1 - Modesto 0 |
BOTTOM OF THE 4TH |
Modesto A's batting - Pitching for Lake Elsinore Storm : RHP Kevin Hull
|
Batting: LHB Bryan LaHair
|
0-0: Fly out, F8 (Flyball, 8LS, EV 88.1 MPH)
|
Batting: RHB Brock Peterson
|
0-0: Ball 1-0: Foul Ball, location: 5FF 1-1: Called Strike 1-2: Ground out 5-3 (Groundball, 56, EV 100.6 MPH)
|
Batting: RHB Sonel Sena
|
0-0: SINGLE (Flyball, 4D, EV 83.8 MPH)
|
Batting: RHB Andy Gonzalez
|
0-0: Swinging Strike 0-1: Ball 1-1: Ball 2-1: Foul Ball, location: 5FF 2-2: Ball 3-2: Foul Ball, location: 7LSF 3-2: SINGLE (Line Drive, 6MD, EV 96.9 MPH) Sonel Sena to second Sonel Sena to third
|
Batting: RHB Jim Unknown
|
0-0: Called Strike 0-1: Ball 1-1: Called Strike 1-2: Strikes out swinging
|
Bottom of the 4th over - 0 runs, 2 hits, 0 errors, 2 left on base; Lake Elsinore 1 - Modesto 0 |
TOP OF THE 5TH |
Lake Elsinore Storm batting - Pitching for Modesto A's : RHP Vicente Rivera
|
Batting: SHB Jesse Collins
|
0-0: Called Strike 0-1: Ball 1-1: Ball 2-1: Swinging Strike 2-2: Strikes out swinging
|
Pitching: RHP Nate Sevier
|
|
Batting: SHB Anderson Hernandez
|
0-0: Ground out 4-3 (Groundball, 34, EV 101.9 MPH)
|
Batting: RHB Marcus Sanders
|
0-0: Ball 1-0: Called Strike 1-1: Swinging Strike 1-2: Ball 2-2: Ball 3-2: Foul Ball, location: 9LSF 3-2: DOUBLE (Flyball, 78D, EV 110.6 MPH)
|
Batting: SHB Chris Malec
|
0-0: Foul Ball, location: 3F 0-1: Swinging Strike 0-2: Ball 1-2: Hit by Pitch
|
Batting: LHB Sean Shoffit
|
0-0: Called Strike 0-1: Swinging Strike 0-2: Strikes out swinging
|
Top of the 5th over - 0 runs, 1 hit, 0 errors, 2 left on base; Lake Elsinore 1 - Modesto 0 |
BOTTOM OF THE 5TH |
Modesto A's batting - Pitching for Lake Elsinore Storm : RHP Kevin Hull
|
Batting: RHB Jim Unknown
|
0-0: Bunt for hit to 13S - play at first, batter OUT! 1-3
|
Batting: RHB Jim Unknown
|
0-0: Called Strike 0-1: Ball 1-1: Swinging Strike 1-2: Ball 2-2: Ball 3-2: Base on Balls
|
Batting: LHB Bobb Evans
|
0-0: Called Strike 0-1: Ball 1-1: Called Strike 1-2: Foul Ball, location: 2F 1-2: Strikes out swinging
|
Batting: SHB Daylon Monette
|
0-0: Ball 1-0: Swinging Strike 1-1: Swinging Strike 1-2: Strikes out looking
|
Bottom of the 5th over - 0 runs, 0 hits, 0 errors, 1 left on base; Lake Elsinore 1 - Modesto 0 |
TOP OF THE 6TH |
Lake Elsinore Storm batting - Pitching for Modesto A's : RHP Nate Sevier
|
Batting: RHB Landon Wareham
|
0-0: Called Strike 0-1: Ball 1-1: Ground out 4-3 (Groundball, 4M, EV 85.0 MPH)
|
Batting: SHB Jack Aquino
|
0-0: Called Strike 0-1: Ball 1-1: DOUBLE (Flyball, 8LD, EV 88.8 MPH)
|
Batting: RHB Hisazumi Ide
|
0-0: Ball 1-0: Called Strike 1-1: Called Strike 1-2: Strikes out swinging
|
Batting: LHB K.C. Herren
|
0-0: Ball 1-0: Foul Ball, location: 2F 1-1: Ball 2-1: Ball 3-1: Called Strike 3-2: SINGLE (Line Drive, 89S, EV 93.1 MPH) Jack Aquino to third Runner from 3rd tries for Home, SAFE, throw by CF to home
|
Batting: SHB Jesse Collins
|
0-0: Called Strike 0-1: Foul Ball, location: 5SF 0-2: Ball 1-2: Ball 2-2: Foul Ball, location: 2F 2-2: Ground out 6-3 (Groundball, 4MS, EV 69.4 MPH)
|
Top of the 6th over - 1 run, 2 hits, 0 errors, 1 left on base; Lake Elsinore 2 - Modesto 0 |
BOTTOM OF THE 6TH |
Modesto A's batting - Pitching for Lake Elsinore Storm : RHP Kevin Hull
|
Now at 3B: Limberth Marin
|
|
Now at SS: Anderson Hernandez
|
|
Batting: LHB Bryan LaHair
|
0-0: Called Strike 0-1: Ball 1-1: Ball 2-1: Called Strike 2-2: Ball 3-2: Base on Balls
|
Batting: RHB Brock Peterson
|
0-0: Foul Ball, location: 7LDF 0-1: Called Strike 0-2: Ball 1-2: Ball 2-2: Foul Ball, location: 2F 2-2: DOUBLE (Line Drive, 9LM, EV 99.4 MPH) Bryan LaHair to third
|
Batting: RHB Sonel Sena
|
0-0: Called Strike 0-1: SINGLE (Groundball, 6MD, EV 101.9 MPH) Bryan LaHair scores Brock Peterson to third
|
Batting: RHB Andy Gonzalez
|
0-0: Called Strike 0-1: Foul Ball, location: 5FF 0-2: Strikes out swinging
|
Batting: RHB Jim Unknown
|
0-0: Ball 1-0: Called Strike 1-1: Foul Ball, location: 9LSF 1-2: Foul Ball, location: 3DF 1-2: Ball 2-2: Grounds into double play, 6-4-3 (Groundball, 6, EV 86.9 MPH)
|
Bottom of the 6th over - 1 run, 2 hits, 0 errors, 1 left on base; Lake Elsinore 2 - Modesto 1 |
TOP OF THE 7TH |
Lake Elsinore Storm batting - Pitching for Modesto A's : RHP Nate Sevier
|
Pitching: RHP Matt Daley
|
|
Batting: SHB Anderson Hernandez
|
0-0: Ball 1-0: Ball 2-0: Swinging Strike 2-1: Foul Ball, location: 5SF 2-2: Foul Ball, location: 7LDF 2-2: Foul Ball, location: 3FF 2-2: Strikes out swinging
|
Batting: RHB Marcus Sanders
|
0-0: Foul Ball, location: 2F 0-1: Swinging Strike 0-2: Strikes out looking
|
Batting: SHB Chris Malec
|
0-0: Ball 1-0: Called Strike 1-1: Fly out, F6 (Line Drive, 6M, EV 66.9 MPH)
|
Top of the 7th over - 0 runs, 0 hits, 0 errors, 0 left on base; Lake Elsinore 2 - Modesto 1 |
BOTTOM OF THE 7TH |
Modesto A's batting - Pitching for Lake Elsinore Storm : RHP Kevin Hull
|
Batting: RHB Jim Unknown
|
0-0: Ball 1-0: Foul Ball, location: 2F 1-1: Called Strike 1-2: Strikes out swinging
|
Batting: RHB Jim Unknown
|
0-0: Foul Ball, location: 2F 0-1: Foul Ball, location: 9LMF 0-2: Foul Ball, location: 2F 0-2: Ball 1-2: Fly out, F4 (Line Drive, 4, EV 75.6 MPH)
|
Batting: LHB Bobb Evans
|
0-0: Ball 1-0: Foul Ball, location: 2F 1-1: SINGLE (Line Drive, 56D, EV 98.8 MPH)
|
Pitching: RHP Wilkin Felix
|
|
Batting: SHB Daylon Monette
|
0-0: Called Strike 0-1: Swinging Strike 0-2: Foul Ball, location: 2F 0-2: Ground out 5-3 (Groundball, 25, EV 79.4 MPH)
|
Bottom of the 7th over - 0 runs, 1 hit, 0 errors, 1 left on base; Lake Elsinore 2 - Modesto 1 |
TOP OF THE 8TH |
Lake Elsinore Storm batting - Pitching for Modesto A's : RHP Matt Daley
|
Batting: LHB Sean Shoffit
|
0-0: Ball 1-0: Called Strike 1-1: Ball 2-1: Ball 3-1: Ground out 6-3 (Groundball, 6, EV 108.8 MPH)
|
Batting: RHB Landon Wareham
|
0-0: Swinging Strike 0-1: Called Strike 0-2: Foul Ball, location: 2F 0-2: Foul Ball, location: 2F 0-2: Ball 1-2: Ball 2-2: Ball 3-2: Foul Ball, location: 2RF 3-2: Foul Ball, location: 5FF 3-2: Base on Balls
|
Batting: SHB Limberth Marin
|
0-0: Called Strike 0-1: Ball 1-1: Grounds into double play, 4-6-3 (Groundball, 4S, EV 81.3 MPH)
|
Top of the 8th over - 0 runs, 0 hits, 0 errors, 0 left on base; Lake Elsinore 2 - Modesto 1 |
BOTTOM OF THE 8TH |
Modesto A's batting - Pitching for Lake Elsinore Storm : RHP Wilkin Felix
|
Batting: LHB Bryan LaHair
|
0-0: Swinging Strike 0-1: Ball 1-1: Foul Ball, location: 3DF 1-2: Ball 2-2: Ground out 1-3 (Groundball, 15S, EV 73.8 MPH)
|
Batting: RHB Brock Peterson
|
0-0: Swinging Strike 0-1: Swinging Strike 0-2: Ball 1-2: Ball 2-2: Foul Ball, location: 2F 2-2: Strikes out swinging
|
Batting: RHB Sonel Sena
|
0-0: Ball 1-0: Called Strike 1-1: Swinging Strike 1-2: Strikes out swinging
|
Bottom of the 8th over - 0 runs, 0 hits, 0 errors, 0 left on base; Lake Elsinore 2 - Modesto 1 |
TOP OF THE 9TH |
Lake Elsinore Storm batting - Pitching for Modesto A's : RHP Matt Daley
|
Pitching: RHP Cody Cillo
|
|
Batting: RHB Hisazumi Ide
|
0-0: Ball 1-0: Ball 2-0: Ground out U3 (Groundball, 34, EV 93.8 MPH)
|
Batting: LHB K.C. Herren
|
0-0: Called Strike 0-1: Swinging Strike 0-2: Foul Ball, location: 3FF 0-2: Ball 1-2: Foul Ball, location: 2F 1-2: Ball 2-2: Foul Ball, location: 2F 2-2: Strikes out swinging
|
Batting: SHB Jesse Collins
|
0-0: Ball 1-0: Ball 2-0: Ground out U3 (Groundball, 3, EV 78.8 MPH)
|
Top of the 9th over - 0 runs, 0 hits, 0 errors, 0 left on base; Lake Elsinore 2 - Modesto 1 |
BOTTOM OF THE 9TH |
Modesto A's batting - Pitching for Lake Elsinore Storm : RHP Wilkin Felix
|
Pitching: LHP Taylor Tankersley
|
|
Batting: RHB Andy Gonzalez
|
0-0: SINGLE (Groundball, 3D, EV 98.1 MPH)
|
Batting: RHB Jim Unknown
|
0-0: Ball 1-0: Bunt missed! 1-1: Ball 2-1: Bunted foul 2-2: Grounds into double play, 6-4-3 (Groundball, 6, EV 104.4 MPH)
|
Batting: RHB Jim Unknown
|
0-0: Called Strike 0-1: Ball 1-1: Foul Ball, location: 2F 1-2: Strikes out looking
|
Bottom of the 9th over - 0 runs, 1 hit, 0 errors, 0 left on base; Lake Elsinore 2 - Modesto 1 |
|